cohdb
Replays
Latest Replays
All Replays
Popular Replays
Top Player Replays
Match Explorer
How It Works
Community
CoH3 Stats
Reddit
Sign in to upload your games and track your stats! →
Sign in with Steam
Match 41383312
Unlisted
Match 41383312
Overview
Messages
Build Orders
End
Pioneer Squad
Construct Infanterie Kompanie
MG 42 Machine Gun Team
Selects Terror Battlegroup
Selects Terror Battlegroup
Selects Machine Gun Camouflage
MG 42 Machine Gun Team
GrW 34 Mortar Team
Selects Contempt for the Weak
GrW 34 Mortar Team
Construct Panzergrenadier Kompanie
Medical Bunker
Support Elements
MG 42 Machine Gun Team
Forward Retreat Point
StuG III G Assault Gun
Panzergrenadier Squad
Grenadier Squad
Panzergrenadier Officer Quarters
StuG III G Assault Gun
Selects Jericho Trumpet
Side Skirts
Jericho Trumpet
MG 42 Bunker
MG 42 Bunker
Nebelwerfer 42 Rocket Launcher Team
Pioneer Squad
Selects V1 Rocket Strike
StuG III G Assault Gun
Jericho Trumpet
StuG III G Assault Gun
Construct Panzer Kompanie
Pioneer Squad
Panzer IV Medium Tank
Panzergrenadier Squad
V1 Rocket Strike
Panzer IV Medium Tank
Grenadier Squad
Selects Defend the Fatherland
Selects King Tiger Heavy Tank
StuG III G Assault Gun
Yukikaze
CoBrA <X-
N0.1<x
Kekw
STALKER4732
SoyaLors
ezh
Devochkin
0
0
Comments
sign in to comment!
No comments posted yet!